 Dungeon Crawl Stone Soup version 0.28-a0-794-gafe8c5f9e9 (webtiles) character file.

Game seed: 10671122462908037460

86 ragingrage the Poker (level 4, -1/35 HPs)
             Began as a Demonspawn Chaos Knight on Nov 5, 2021.
             Was a Plaything of Xom.
             Slain by Crazy Yiuf (5 damage)
             ... on level 2 of the Dungeon.
             The game lasted 00:02:16 (1956 turns).

ragingrage the Poker (Demonspawn Chaos Knight)      Turns: 1956, Time: 00:02:17

Health: -1/35      AC:  6    Str: 13    XL:     4   Next: 27%
Magic:  0/4        EV: 11    Int: 14    God:    Xom [..*...]
Gold:   42         SH:  0    Dex: 18    Spells: 3/3 levels left

rFire   . . .      SeeInvis .   f - +0 spear (venom)
rCold   . . .      Faith    .   (no shield)
rNeg    . . .      Spirit   .   b - +2 leather armour
rPois   .          Reflect  .   (helmet restricted)
rElec   .          Harm     .   m - +0 cloak
rCorr   .          Rampage  .   (no gloves)
Will    +....                   (no boots)
Stlth   +.........              (no amulet)
HPRegen 0.11/turn               i - ring of willpower
MPRegen 0.09/turn               c - +6 ring of dexterity

@: no status effects
A: antennae 1, demonic magic 1
a: Renounce Religion


You were on level 2 of the Dungeon.
You worshipped Xom.
You were a toy of Xom.
You visited 1 branch of the dungeon, and saw 2 of its levels.

You collected 42 gold pieces.

Inventory:

Hand Weapons
 f - a +0 spear of venom (weapon)
Armour
 b - a +2 leather armour (worn)
 m - a +0 cloak (worn)
Jewellery
 c - a +6 ring of dexterity (right hand)
 i - a ring of willpower (left hand)
 j - a ring of magical power
Scrolls
 a - a scroll of teleportation {unknown}
 d - 2 scrolls of enchant armour {unknown}
 l - a scroll of amnesia {unknown}
Potions
 e - a potion of heal wounds {unknown}
 g - a potion of cancellation {unknown}
 h - 2 potions of degeneration {unknown}
 k - 2 potions of curing {unknown}


   Skills:
 - Level 3.0 Fighting
 * Level 4.7 Polearms
 - Level 1.7 Armour
 - Level 0.8 Dodging


You had 3 spell levels left.
You didn't know any spells.
Your spell library contained the following spells:

 Spells                   Type           Power      Damage    Failure   Level
 Ensorcelled Hibernation  Hex/Ice        0%         N/A       50%         2
 Tukima's Dance           Hex            0%         N/A       73%         3
 Conjure Ball Lightning   Conj/Air       0%         3x3d6     100%        6
 Discord                  Hex            0%         N/A       100%        8
 Disjunction              Tloc           0%         N/A       100%        8


Dungeon Overview and Level Annotations

Branches:
Dungeon (2/15)

Altars:

Annotations:
D:2 Crazy Yiuf


Innate Abilities, Weirdness & Mutations

You have a pair of small antennae on your head.
Spells you cast may paralyse adjacent enemies.


Message History

You open the door. You hit Crazy Yiuf.
Crazy Yiuf is lightly wounded.
You closely miss Crazy Yiuf.
Crazy Yiuf is lightly wounded.
Crazy Yiuf hits you with a +4 quarterstaff of chaos!
You feel your power leaking away.
You are too injured to fight recklessly!
You closely miss Crazy Yiuf.
Crazy Yiuf is lightly wounded. "Get over here!"
Crazy Yiuf blinks!
Crazy Yiuf whimpers, "Castle snail mobile!"
You are too injured to fight recklessly!
Crazy Yiuf sings, "Trees, trees, trees, circus!"
There is an open translucent door here.
You are too injured to fight recklessly!
You are too injured to fight recklessly!
Reach: f) +0 spear (venom)
Press: ? - help, Dir - move target, f - Crazy Yiuf
Aim: Crazy Yiuf, wielding a +4 quarterstaff of chaos and wearing a +2 cloak (lightly wounded, about 31% to evade your +0 spear of venom)
You hit Crazy Yiuf but do no damage.
Crazy Yiuf is lightly wounded.
Crazy Yiuf hits you with a +4 quarterstaff of chaos.
Crazy Yiuf burns you.
Reach: f) +0 spear (venom)
Press: ? - help, Dir - move target, f/p - Crazy Yiuf
Aim: Crazy Yiuf, wielding a +4 quarterstaff of chaos and wearing a +2 cloak (lightly wounded, about 31% to evade your +0 spear of venom)
You hit Crazy Yiuf but do no damage.
Crazy Yiuf is poisoned.
Crazy Yiuf is lightly wounded.
Crazy Yiuf barely misses you.
Reach: f) +0 spear (venom)
Press: ? - help, Dir - move target, f/p - Crazy Yiuf
Aim: Crazy Yiuf, wielding a +4 quarterstaff of chaos and wearing a +2 cloak (lightly wounded, poisoned, about 31% to evade your +0 spear of venom)
You hit Crazy Yiuf.
Crazy Yiuf looks even sicker.
Crazy Yiuf is moderately wounded.
Crazy Yiuf hits you with a +4 quarterstaff of chaos!
* * * LOW HITPOINT WARNING * * *
Crazy Yiuf freezes you.
You die...

......#....#
#....#
..##.......#
#.P..#
#.###..#...#
##P.)# #.#
##...###
##)## #.#
#.....# ##)#
#.####.###.#
#)##
........# ##
##)#
........#
#)##
........#
#@#
#........
#)g)#
#.....###
#)))#
#......##
#).)#
#....#..###
#####
.รท.........
#)<..##..
#..).#
......(..


You could see Crazy Yiuf (very poisoned).

Vanquished Creatures
  Robin (D:2)
  2 adders (D:2)
  3 worms (D:2)
  A dart slug (D:2)
  2 ball pythons
  3 bats
  2 endoplasms
  2 giant cockroaches
  5 hobgoblins
  6 quokkas
  3 frilled lizards (D:1)
  10 goblins
  2 kobolds (D:1)
  5 rats
47 creatures vanquished.

Vanquished Creatures (others)
  2 fungi (D:2)
2 creatures vanquished.

Grand Total: 49 creatures vanquished

Notes
Turn   | Place    | Note
-------+----------+-------------------------------------------
     0 | D:1      | ragingrage the Demonspawn Chaos Knight began the quest for
                  | the Orb.
     0 | D:1      | Reached XP level 1. HP: 18/18 MP: 1/1
   114 | D:1      | Reached skill level 3 in Polearms
   317 | D:1      | Gained mutation: Spells you cast may paralyse adjacent
                  | enemies. [demonic ancestry]
   317 | D:1      | Reached XP level 2. HP: 19/24 MP: 2/2
   682 | D:1      | XOM: noise
   743 | D:1      | XOM: noise
   768 | D:2      | Noticed Robin
   975 | D:1      | Gained mutation: You have a pair of small antennae on your
                  | head. [demonic ancestry]
   975 | D:1      | Reached XP level 3. HP: 17/29 MP: 3/3
  1053 | D:1      | XOM: divination: detect items
  1134 | D:2      | Reached skill level 4 in Polearms
  1226 | D:2      | Found a faded altar of an unknown god.
  1282 | D:2      | Killed Robin
  1608 | D:2      | Reached XP level 4. HP: 30/35 MP: 4/4
  1945 | D:2      | Found a runed translucent door.
  1946 | D:2      | Noticed Crazy Yiuf
  1952 | D:2      | XOM: blink monster(s)
  1956 | D:2      | Slain by Crazy Yiuf

Illustrated notes

Levels and vault maps discovered:
D:1:      minmay_arrival_jagged, layout_rooms, roderic_roman_lattice,
          minmay_misc_feat_tower
D:2:      layout_rooms, shapermc_ecumenical_altar_venn, uniq_robin,
          uniq_crazy_yiuf_cottage

Skill      XL: |  1  2  3 |
---------------+----------+-----
Polearms       | 3 4 |  4.7
Fighting       | |  3.0
Armour         | |  1.7
Dodging        | |  0.8

Action                   |  1- 3 |  4- 6 || total
-------------------------+-------+-------++-------
Melee: Spear             |    97 |    45 ||   142
 Stab: Sleeping          |     1 |     1 ||     2
Armor: Leather armour    |    29 |     6 ||    35
Dodge: Dodged            |    43 |    11 ||    54

Table legend: (Time is in decaauts)
 A = Elapsed time spent in this place.
 B = Non-inter-level travel time spent in this place.
 C = Inter-level travel time spent in this place.
 D = Time resting spent in this place.
 E = Time spent auto-exploring this place.
 F = Levels seen in this place.
 G = Mean time per level.
                   A        B        C        D        E       F      G
               +--------+--------+--------+--------+--------+-----+--------+
         Total |   1943 |   1898 |     45 |    516 |   1056 |   2 |  971.5 |
       Dungeon |   1943 |   1898 |     45 |    516 |   1056 |   2 |  971.5 |
               +--------+--------+--------+--------+--------+-----+--------+

Top non-repeatable levels by time:
     D:1: 1326 daAuts
     D:2: 617 daAuts
